 Dungeon Crawl Stone Soup version 0.28.0 (webtiles) character file.

Game seed: 11334742869980027172

14 zeram the Caller (level 2, -1/17 HPs)
             Began as an Octopode Summoner on Feb 5, 2022.
             Slain by an adder (3 damage)
             ... on level 2 of the Dungeon.
             The game lasted 00:02:00 (844 turns).

zeram the Caller (Octopode Summoner)                 Turns: 844, Time: 00:02:01

Health: -1/17      AC:  1    Str:  7    XL:     2   Next: 41%
Magic:  5/5        EV: 13    Int: 17    God:
Gold:   41         SH:  0    Dex: 12    Spells: 3/5 levels left

rFire   . . .      SeeInvis .   e - +0 short sword
rCold   . . .      Faith    .   (no shield)
rNeg    . . .      Spirit   .   (helmet restricted)
rPois   .          Reflect  .   (no amulet)
rElec   .          Harm     .   (no ring)
rCorr   .          Rampage  .   (no ring)
Will    .....                   (no ring)
Stlth   +++.......              (no ring)
HPRegen 0.05/turn               (no ring)
MPRegen 0.09/turn               (no ring)
                                (no ring)
                                (no ring)

@: no status effects
A: almost no armour, amphibious, 8 rings, camouflage 1, gelatinous body 1,
(nimble swimmer 1), tentacles
a: no special abilities


You were on level 2 of the Dungeon.
You visited 1 branch of the dungeon, and saw 2 of its levels.

You collected 41 gold pieces.

Inventory:

Hand Weapons
 e - a +0 short sword (weapon)
Missiles
 f - 3 stones (quivered)
Jewellery
 d - a ring of see invisible
Scrolls
 a - a scroll of identify
Potions
 c - a potion of heal wounds


   Skills:
 + Level 2.0 Dodging
 + Level 2.7 Stealth
 + Level 0.1 Unarmed Combat
 + Level 2.1 Spellcasting
 + Level 4.4 Summonings


You had 3 spell levels left.
You knew the following spells:

 Your Spells              Type           Power      Damage    Failure   Level
a - Call Imp              Summ           17%        N/A       4%          2

Your spell library contained the following spells:

 Spells                   Type           Power      Damage    Failure   Level
 Summon Small Mammal      Summ           68%        N/A       3%          1
 Call Canine Familiar     Summ           17%        N/A       9%          3
 Summon Guardian Golem    Hex/Summ       9%         N/A       22%         3
 Summon Lightning Spire   Summ/Air       9%         N/A       58%         4


Dungeon Overview and Level Annotations

Branches:
Dungeon (2/15)

Altars:


Innate Abilities, Weirdness & Mutations

You cannot wear most types of armour.
You are amphibious.
You can wear up to eight rings at the same time.
Your skin changes colour to match your surroundings (Stealth+).
Your rubbery body absorbs attacks. (AC +1, EV +1)
((You are camouflaged when in or above water. (Stealth+)))
You have tentacles for arms and can constrict up to eight enemies at once.


Message History

No target in view!
No target in view!
No target in view!
You don't have any unidentified items.
Done exploring.
Done exploring.
Done exploring.
(D) Dungeon
Where to? (? - help)
There is a stone staircase leading down here.
You climb downwards.
Found a fizzy emerald potion.
There is a stone staircase leading up here.
A hobgoblin is nearby!
A hobgoblin is nearby!
A hobgoblin is nearby!
A bat comes into view.
Found a tiny fluorescent amulet.
A rat comes into view.
An adder comes into view.
The bat hits you. The bat barely misses you. The bat hits you.
The adder hisses angrily.
You closely miss the adder. Your grab misses the adder.
The bat barely misses you. The adder closely misses you. The adder bites you.
You barely miss the adder. You grab the adder. You constrict the adder.
The bat closely misses you. The bat misses you. The adder bites you.
You hit the adder.
The adder is lightly wounded.
You constrict the adder.
The bat misses you. x2; The adder bites you.
* * * LOW HITPOINT WARNING * * *
The rat closely misses you.
Unknown command.
You hit the adder. Your squeeze misses the adder.
The adder is severely wounded.
You constrict the adder. The bat hits you.
* * * LOW HITPOINT WARNING * * *
The bat barely misses you. The adder bites you.
You die...

..#.##..
#.#"##..
#.#.##.# #
#.#.##.#
#.#.#.##.#
#.#.#.##.#
#..g...#.#
...####b#...<#
......r@#....#
.#.....S#....#
........#....#
######..#.##.#
#..!..#.#
#.#####.# ..
..# #.


You could see an adder, a hobgoblin, a bat and a rat.

Vanquished Creatures
  A goblin (D:1)
  A hobgoblin (D:1)
  2 quokkas (D:1)
  A ball python (D:1)
  A bat (D:1)
  A frilled lizard (D:1)
  2 kobolds (D:1)
  2 rats (D:1)
11 creatures vanquished.

Vanquished Creatures (collateral kills)
  A quokka (D:1)
  A bat (D:1)
  A frilled lizard (D:1)
  A kobold (D:1)
4 creatures vanquished.

Grand Total: 15 creatures vanquished

Notes
Turn   | Place    | Note
-------+----------+-------------------------------------------
     0 | D:1      | zeram the Octopode Summoner began the quest for the Orb.
     0 | D:1      | Reached XP level 1. HP: 11/11 MP: 3/3
   342 | D:1      | Reached XP level 2. HP: 17/17 MP: 5/5
   351 | D:1      | Learned a level 2 spell: Call Imp
   844 | D:2      | Slain by an adder

Illustrated notes

Levels and vault maps discovered:
D:1:      minmay_arrival_diagonal_passages, layout_rooms
D:2:      layout_basic

Action                   || total
-------------------------++-------
Melee: Unarmed           ||    34
       Tentacles         ||     8
       Constrict         ||    11
       Short sword       ||     4
 Cast: Summon Small Mamm ||     9
  Use: Scroll            ||     3
 Stab: Sleeping          ||     5
Armor: Skin              ||     3
Dodge: Dodged            ||    39
